 Dungeon Crawl Stone Soup version 0.26.1-11-gd32895ea62 (webtiles) character file.

Game seed: 6329247111293089847

616 Almogavar the Chopper (level 7, -7/61 HPs)
             Began as a Hill Orc Fighter on May 7, 2021.
             Was an Initiate of the Shining One.
             Mangled by Duvessa
             ... wielding a +0 short sword
              (12 damage)
             ... on level 5 of the Dungeon.
             The game lasted 00:08:43 (4034 turns).

Almogavar the Chopper (Hill Orc Fighter)            Turns: 4034, Time: 00:08:44

Health: -7/61      AC: 10    Str: 21    XL:     7   Next: 45%
Magic:  7/7        EV:  8    Int:  8    God:    the Shining One [......]
Gold:   232        SH:  9    Dex: 10    Spells: 6/6 levels left

rFire    . . .     SeeInvis .   a - +0 war axe
rCold    . . .     Faith    .   c - +0 kite shield
rNeg     . . .     Spirit   .   b - +0 scale mail
rPois    .         Reflect  .   l - +0 helmet
rElec    .         Harm     .   v - +1 cloak
rCorr    .         Rampage  .   (no gloves)
Will     .....                  (no boots)
Stlth    ..........             (no amulet)
HPRegen  0.20/turn              (no ring)
MPRegen  0.10/turn              n - +4 ring of slaying

@: lethally poisoned (-7 -> -7), glowing
A: no striking features
a: Renounce Religion


You were on level 5 of the Dungeon.
You worshipped the Shining One.
The Shining One was noncommittal.
You visited 2 branches of the dungeon, and saw 6 of its levels.

You collected 232 gold pieces.

Inventory:

Hand Weapons
 a - a +0 war axe (weapon)
 s - a +0 flail of holy wrath
Missiles
 j - 75 stones (quivered)
 r - 2 boomerangs
 w - 12 poisoned darts
Armour
 b - a +0 scale mail (worn)
 c - a +0 kite shield (worn)
 l - a +0 helmet (worn)
 m - a +0 chain mail
 v - a +1 cloak (worn)
 y - a scarf of harm
Jewellery
 h - an uncursed ring of wizardry
 n - a +4 ring of slaying (right hand)
Wands
 i - a wand of polymorph (7)
 u - a wand of digging (8)
Scrolls
 q - a scroll of enchant weapon {unknown}
 t - a scroll of remove curse
 x - 2 scrolls of teleportation
Potions
 d - 2 potions of might
 e - a potion of lignification
 f - 2 potions of degeneration {unknown}
 g - 4 potions of curing
 k - a potion of resistance {unknown}
 o - 2 potions of ambrosia {unknown}
 p - 2 potions of haste {unknown}


   Skills:
 + Level 5.0 Fighting
 + Level 6.9 Axes
 + Level 1.1 Throwing
 + Level 4.9 Armour
 + Level 1.2 Dodging
 - Level 0.4 Stealth
 + Level 4.7 Shields


You had 6 spell levels left.
You didn't know any spells.
Your spell library was empty.

Dungeon Overview and Level Annotations

Branches:
Dungeon (5/15)             Temple (1/1) D:4

Altars:
Fedhas
Gozag
Kikubaaqudgha
Nemelex Xobeh
Ru
Sif Muna
Trog
Vehumet
Wu Jian
Xom
Zin
The Shining One

Annotations:
D:5 Duvessa


Message History

You are too injured to fight recklessly!
Unknown command.
You slash Duvessa!
Duvessa is heavily wounded.
You feel sick. Duvessa hits you but does no damage. Duvessa closely misses you.
You hit Duvessa.
Duvessa is severely wounded.
You block Duvessa's attack. Duvessa hits you with a +0 short sword!
* * * LOW HITPOINT WARNING * * *
Your shield prevents you from hitting Duvessa.
Duvessa is severely wounded.
Duvessa barely misses you. Duvessa hits you with a +0 short sword!
* * * LOW HITPOINT WARNING * * *
Your scale mail prevents you from hitting Duvessa.
Duvessa is severely wounded.
You block Duvessa's attack.
You hit Duvessa.
Duvessa is severely wounded.
You feel sick. Duvessa hits you with a +0 short sword!
You die...

......
...... #
...... #.##
.... ...
...
####.####.#
..........#
#......@.#
#..###)#e#
#.....<#.#
#.######.#
.# .# .# .#


You could see Duvessa (berserk).

Vanquished Creatures
  Sigmund (D:2)
  Dowan (D:5)
  A howler monkey (D:4)
  A hound (D:4)
  2 orc wizards (D:3)
  Crazy Yiuf (D:3)
  Natasha (D:4)
  Terence (D:3)
  A killer bee zombie (D:4)
  9 adders
  2 oozes
  4 worms
  A dart slug (D:2)
  4 leopard geckos
  3 orcs
  2 giant cockroaches
  5 goblins
  6 hobgoblins
  2 jackals (D:1)
  8 kobolds
  A quokka (D:2)
  2 ball pythons (D:4)
  4 bats
  3 frilled lizards
  A leopard gecko skeleton (D:4)
  7 rats
74 creatures vanquished.

Vanquished Creatures (others)
  An orc wizard (D:3)
  A ball python (D:2)
2 creatures vanquished.

Grand Total: 76 creatures vanquished

Notes
Turn   | Place    | Note
-------+----------+-------------------------------------------
     0 | D:1      | Almogavar the Hill Orc Fighter began the quest for the Orb.
     0 | D:1      | Reached XP level 1. HP: 19/19 MP: 1/1
   386 | D:1      | Reached XP level 2. HP: 23/27 MP: 2/2
   675 | D:2      | Found a glowing silver altar of Zin.
   675 | D:2      | Found a shimmering altar of Xom.
   675 | D:2      | Noticed an angel
   775 | D:2      | Reached XP level 3. HP: 27/33 MP: 3/3
   933 | D:2      | Reached skill level 3 in Axes
  1076 | D:2      | Noticed Sigmund
  1095 | D:2      | Killed Sigmund
  1096 | D:2      | Reached skill level 5 in Axes
  1096 | D:2      | Reached XP level 4. HP: 27/40 MP: 4/4
  1096 | D:2      | Reached XP level 5. HP: 31/46 MP: 5/5
  1320 | D:2      | Reached XP level 6. HP: 52/53 MP: 6/6
  1803 | D:3      | Noticed Terence
  1809 | D:3      | Killed Terence
  1880 | D:3      | Reached skill level 1 in Dodging
  2067 | D:3      | Found a shimmering blue altar of Sif Muna.
  2326 | D:3      | Reached skill level 6 in Axes
  2643 | D:3      | Found a runed translucent door.
  2644 | D:3      | Noticed Crazy Yiuf
  2653 | D:3      | Killed Crazy Yiuf
  2799 | D:4      | Found a staircase to the Ecumenical Temple.
  2817 | Temple   | Entered the Ecumenical Temple
  2861 | Temple   | Became a worshipper of the Shining One
  3057 | D:4      | Reached XP level 7. HP: 60/60 MP: 7/7
  3750 | D:4      | Noticed Natasha
  3757 | D:4      | Killed Natasha
  3758 | D:4      | Reached skill level 1 in Throwing
  4012 | D:5      | Entered Level 5 of the Dungeon
  4015 | D:5      | Noticed Duvessa
  4015 | D:5      | Noticed Dowan
  4028 | D:5      | Killed Dowan
  4029 | D:5      | Reached skill level 5 in Fighting
  4034 | D:5      | Mangled by Duvessa

Illustrated notes

Levels and vault maps discovered:
D:1:      dpeg_arrival_boxorama, layout_basic
D:2:      layout_loops_ring, grunt_temple_overflow_order_and_chaos_1,
          uniq_sigmund
D:3:      layout_loops_ring, led_sif_book, uniq_terence, uniq_crazy_yiuf_cottage
D:4:      layout_basic, temple_pool_b, uniq_natasha
D:5:      layout_basic, nicolae_overflow_hidden_temple, serial_shops,
          shop_fountains, uniq_grinder, uniq_duvessa
Temple:   jpeg_temple_island

Skill      XL: |  1  2  3  4  5  6  7 |
---------------+----------------------+-----
Fighting       | 4 5 |  5.0
Axes           | 5 6 |  6.9
Armour         | 4 |  4.9
Shields        | 4 |  4.7
Dodging        | 1 |  1.2
Throwing       | 1 |  1.1
Stealth        | |  0.4

Action                   |  1- 3 |  4- 6 |  7- 9 || total
-------------------------+-------+-------+-------++-------
Melee: War axe           |    75 |    88 |    55 ||   218
Throw: Stone             |     3 |    34 |       ||    37
  Use: Scroll            |     2 |     3 |     1 ||     6
Armor: Scale mail        |    27 |    26 |    25 ||    78
Dodge: Dodged            |    18 |    28 |    22 ||    68
Block: Kite shield       |    30 |    34 |    26 ||    90
